 Dungeon Crawl Stone Soup version 0.23-a0-398-g8eab93fbe2 (webtiles) character file.

115 Notair the Poker (level 4, 0/40 HPs)
             Began as a Minotaur Gladiator on Nov 3, 2018.
             Killed by divine providence
             ... invoked by an orc priest
              (9 damage)
             ... on level 3 of the Dungeon.
             The game lasted 00:02:12 (2101 turns).

Notair the Poker (Minotaur Gladiator)               Turns: 2101, Time: 00:02:12

Health: 0/40       AC:  6    Str: 20    XL:     4   Next: 68%
Magic:  3/3        EV: 11    Int:  5    God:
Gold:   131        SH:  0    Dex: 11    Spells: 3/3 levels left

rFire    . . .     SeeInvis .   a - +1 trident
rCold    . . .     Gourm    .   (no shield)
rNeg     . . .     Faith    .   s - +0 scale mail
rPois    .         Spirit   .   c - +0 hat
rElec    .         Reflect  .   (no cloak)
rCorr    .         Harm     .   (no gloves)
MR       .....                  (no boots)
Stlth    ..........             (no amulet)
HPRegen  0.13/turn              (no ring)
MPRegen  0.08/turn              (no ring)

@: no status effects
A: retaliatory headbutt, horns 2
a: no special abilities


You were on level 3 of the Dungeon.
You were near starving.

You visited 1 branch of the dungeon, and saw 3 of its levels.

You collected 131 gold pieces.

Inventory:

Hand Weapons
 a - a +1 trident (weapon)
Missiles
 d - 3 throwing nets (quivered)
Armour
 b - a +0 leather armour
 c - a +0 hat (worn)
 p - a +1 large shield of reflection
 s - a +0 scale mail (worn)
Jewellery
 e - a +4 ring of intelligence {unknown}
 i - an uncursed ring of protection from magic {unknown}
Scrolls
 j - a scroll of enchant weapon
 m - a scroll of fog {unknown}
 n - a scroll of enchant armour {unknown}
 o - 4 scrolls of amnesia {unknown}
 q - a scroll of identify
Potions
 g - a potion of heal wounds {unknown}
 h - a potion of magic {unknown}
 k - a potion of curing {unknown}
 l - a potion of resistance {unknown}
 r - a potion of agility {unknown}
Comestibles
 f - 4 rations


   Skills:
 + Level 3.9 Fighting
 * Level 5.8 Polearms
 - Level 2.0 Throwing
 - Level 3.2 Dodging


You had 3 spell levels left.
You didn't know any spells.
Your spell library was empty.

Dungeon Overview and Level Annotations

Branches:
Dungeon (3/15)

Altars:
Dithmenos
Makhleb
Vehumet


Innate Abilities, Weirdness & Mutations

You reflexively headbutt those who attack you in melee.
You have a pair of horns on your head.


Message History

The orc priest mumbles some strange prayers to Beogh against you.
Pain shoots through your body! The orc hits you but does no damage.
You hit the orc priest.
The orc priest is almost dead.
The orc priest hits you but does no damage.
The orc hits you but does no damage.
You barely miss the orc priest.
The orc priest is almost dead.
The orc hits you but does no damage.
The orc priest invokes the aid of Beogh against you.
Beogh smites you!
You are too injured to fight recklessly!
You are too injured to fight recklessly!
Unknown command.
The orc priest mumbles some strange prayers to Beogh against you.
Pain shoots through your body!
* * * LOW HITPOINT WARNING * * *
The orc priest calls down the wrath of Beogh upon you.
Beogh smites you!
You die...

#.....####.# #......# ##.##
........##.###..###.####.#.## ###
###...#.........###.#.>.###.###..
###...####.###.#.......## ##.#...
...........# #.#.##.#.## ##...#
####...#######.#.##.##.## ##...#_
#...# #.......###.###.#...# #...#
#.##.##.# ##.#.###†..
#...######.##@##.## ##[## #..#
#...##............# ### #..#
#...##$###oo.###..# #...
.......ooho......# ##.#
..?.S.#..#...... #.#
............#.##< #.#
##.#..#..#..# # #.# # ..........
#.. .## ##.# .## ###########


You could see 2 orc priests, an adder, 3 orcs and a jackal.

Vanquished Creatures
  A centaur skeleton (D:2)
  3 adders (D:2)
  An adder zombie (D:2)
  2 dart slugs (D:1)
  3 leopard geckos
  4 goblins
  5 hobgoblins
  8 jackals
  A quokka (D:2)
  2 ball pythons
  8 bats
  A frilled lizard (D:3)
  5 kobolds
  6 rats
50 creatures vanquished.

Vanquished Creatures (others)
  A leopard gecko (D:3)
1 creature vanquished.

Grand Total: 51 creatures vanquished

Notes
Turn   | Place    | Note
-------+----------+-------------------------------------------
     0 | D:1      | Notair the Minotaur Gladiator began the quest for the Orb.
     0 | D:1      | Reached XP level 1. HP: 18/18 MP: 0/0
   154 | D:1      | Reached skill level 4 in Polearms
   239 | D:1      | Reached XP level 2. HP: 25/25 MP: 1/1
   678 | D:2      | Reached XP level 3. HP: 31/31 MP: 2/2
   776 | D:2      | Reached skill level 5 in Polearms
   910 | D:2      | Reached XP level 4. HP: 25/40 MP: 3/3
  1109 | D:2      | Found a shadowy altar of Dithmenos.
  1468 | D:2      | Found a radiant altar of Vehumet.
  1472 | D:2      | Found a burning altar of Makhleb.
  2012 | D:3      | Found a faded altar of an unknown god.
  2101 | D:3      | Killed from afar by an orc priest

Vault maps used:
D:1:      lemuel_arrival_river_ford, nrook_mini_backslash
D:2:      minitemple, nicolae_overflow_crystal_walls, first_ration,
          minmay_distorted
D:3:      chequers_ecumenical_altar_simple, lemuel_flame_loot_1

Skill      XL: |  1  2  3 |
---------------+----------+-----
Polearms       | 4 5 |  5.8
Fighting       | 3 |  3.9
Throwing       | |  2.0
Dodging        | |  3.2

Action                   |  1- 3 |  4- 6 || total
-------------------------+-------+-------++-------
Melee: Trident           |    69 |    38 ||   107
       Headbutt          |    10 |     5 ||    15
  Use: Scroll            |       |     2 ||     2
  Eat: Chunk             |       |     2 ||     2
Armor: Leather armour    |     9 |     4 ||    13
       Scale mail        |       |     3 ||     3
Dodge: Dodged            |    29 |    13 ||    42

Table legend:
 A = Non-vault XP
 B = Vault XP
 C = Vault XP percentage of total XP
 D = Non-vault monster count
 E = Vault monster count
 F = Vault count percentage of total count
                 A         B        C        D         E       F
            +---------+---------+-------+---------+---------+-------
      Total |     159 |       6 |   3.6 |      47 |       3 |   6.0
            +---------+---------+-------+---------+---------+-------
        D:1 |      27 |       0 |   0.0 |      14 |       0 |   0.0
        D:2 |     124 |       6 |   4.6 |      28 |       3 |   9.7
        D:3 |       8 |       0 |   0.0 |       5 |       0 |   0.0
            +---------+---------+-------+---------+---------+-------
